 Dungeon Crawl Stone Soup version 0.16-a0-4113-g7d8e295 (webtiles) character file.

2108 McCoppin the Unseen (level 9, -5/41 HPs)
             Began as a Felid Monk on Feb 28, 2015.
             Was an Elder of Jiyva.
             Slain by Prince Ribbit (16 damage)
             ... on level 4 of the Dungeon on Mar 1, 2015.
             The game lasted 02:05:03 (19146 turns).

McCoppin the Unseen (Felid Monk)                   Turns: 19146, Time: 02:05:04

Health: -5/41      AC:  2    Str: 10    XL:     9   Next: 7%
Magic:  19/20      EV: 20    Int:  9    God:    Jiyva [****..]
Gold:   496        SH:  0    Dex: 19    Spells: 1 memorised, 11 levels left
                                        Lives:  0   Deaths: 2

rFire  + . .     SeeInvis +       - Unarmed
rCold  . . .     Clarity  +     (armour unavailable)
rNeg   . . .     SustAb   .     (shield unavailable)
rPois  .         Gourm    .     (helmet unavailable)
rElec  .         Spirit   .     (cloak unavailable)
rCorr  +         Warding  .     (gloves unavailable)
rMut   .         Stasis   .     (boots unavailable)
MR     +....                    p - amulet of clarity
Stlth  +++++++++.               t - ring of flight
                                n - ring of protection from fire (curse)

@: appendage (expiring), very slightly contaminated, quick, somewhat resistant
to hostile enchantments, incredibly stealthy
A: paw claws, no armour, no weapons or thrown items, fangs 3, horns 2,
camouflage 1, see invisible, breathe flames 1, carnivore 3, speed 1, sense
surroundings 1, shaggy fur 2, slow metabolism 1, weak 1, sharp paws
a: End Transformation, Request Jelly, Jelly Paralyse, Slimify, Renounce
Religion, Breathe Fire, Evoke Flight


You were on level 4 of the Dungeon.
You worshipped Jiyva.
Jiyva was greatly pleased with you.
You were full.
You had grown temporary horns.
You visited 3 branches of the dungeon, and saw 17 of its levels.

You collected 496 gold pieces.

Inventory:

Jewellery
 n - a cursed ring of protection from fire (left paw)
 p - an amulet of clarity (around neck)
 t - a ring of flight (right paw)
Magical devices
 d - a wand of magic darts (24)
 w - a wand of heal wounds (0)
 x - a wand of lightning (1)
Scrolls
 i - a scroll of fog
 o - 3 scrolls of remove curse
 y - a scroll of random uselessness
 A - a scroll of torment
Potions
 c - a potion of curing
 e - 2 potions of restore abilities
 f - a potion of cancellation
 h - 2 potions of flight {unknown}
 j - a potion of degeneration {unknown}
 l - 4 potions of brilliance {unknown}
 q - a potion of poison
 r - 2 potions of haste
 s - a potion of agility {unknown}
 v - a potion of invisibility
Books
 k - a book of Changes

   Spells                             Type                      Level
   a - Beastly Appendage              Transmutation                1
   b - Sticks to Snakes               Transmutation                2
   c - Spider Form                    Transmutation/Poison         3
   d - Ice Form                       Ice/Transmutation            4
   e - Blade Hands                    Transmutation                5
 m - a book of Callings

   Spells                             Type                      Level
   a - Summon Small Mammal            Summoning                    1
   b - Call Imp                       Summoning                    2
   c - Call Canine Familiar           Summoning                    3
   d - Summon Guardian Golem          Hexes/Summoning              4
   e - Summon Lightning Spire         Summoning/Air                4
   f - Summon Ice Beast               Ice/Summoning                4
Comestibles
 a - a beef jerky
 b - 3 meat rations
 u - a royal jelly


   Skills:
 + Level 6.1 Fighting
 - Level 4.6 Dodging
 - Level 15.6 Stealth
 + Level 7.3 Unarmed Combat
 - Level 2.2 Spellcasting
 - Level 2.7 Transmutations


You had 11 spell levels left.
You knew the following spells:

 Your Spells              Type           Power        Failure   Level  Hunger
a - Beastly Appendage     Trmt           #.....       12%         1    ##.....


Dungeon Overview and Level Annotations

Branches:
Dungeon (10/15)            Temple (1/1) D:7            Lair (6/8) D:10
  Slime (0/6) Lair:6
  Swamp: Lair:3-6    Shoals: Lair:3-6     Snake: Lair:3-6    Spider: Lair:3-6
    Orc: D:9-12

Altars:
Ashenzari
Cheibriados
Dithmenos
Elyvilon
Fedhas
Gozag
Kikubaaqudgha
Makhleb
Nemelex Xobeh
Okawaru
Qazlal
Ru
Sif Muna
Trog
Vehumet
Xom
Yredelemnul
Zin
The Shining One
Jiyva

Shops:
D:9 *

Annotations:
D:4 Prince Ribbit
Lair:4 Fannar


Innate Abilities, Weirdness & Mutations

You cannot wear armour.
You are incapable of wielding weapons or throwing items.
You have razor-sharp teeth.
You have supernaturally acute eyesight.
You are carnivorous and can eat meat at any time.
You cover ground quickly.
You are covered in thick fur (AC +2).
You have a slow metabolism.
Your paws have sharp claws that are effective at stabbing.
You have a pair of horns on your head.
Your skin changes colour to match your surroundings (Stealth).
You can breathe flames.
You passively map a small area around you.
You are weak. (Str -2)


Message History

Unknown command.
Casting: Beastly Appendage
Confirm with . or Enter, or press ? or * to list all spells.
You grow a pair of large bovine horns.
Prince Ribbit disappears!
Your transformation is almost over.
You hear a distant slurping noise.
You miss Prince Ribbit. Your headbutt misses Prince Ribbit.
Your claw passes through Prince Ribbit as he momentarily phases out.
Prince Ribbit is severely wounded.
Prince Ribbit casts a spell.
Prince Ribbit looks slightly unstable.
You completely miss Prince Ribbit. Your headbutt misses Prince Ribbit.
Prince Ribbit is severely wounded.
Prince Ribbit misses you.
Prince Ribbit momentarily phases out as your attack passes through him.
Prince Ribbit is severely wounded.
Prince Ribbit hits you!
* * * LOW HITPOINT WARNING * * *
Prince Ribbit hits you!
You die...

# ,
..#.....#...............# #
...#.J...##'###.....###.## +
....'.....#....'.....'...##
#
.....#.....#....#.....#...##
# ......
.....'....#.....#....#
.....###'#####'##.....#...##
#...........J.......##### *,
, #...................#
...#........@..........#
.g..'.......F...........#
...#.............>.....# .
,##.....#'###'######## ,
#.....#......### ,
+.....#...._...#
#.....J.._.....## , ,
...................###* *
...######....⌠.._...# ,


You could see Prince Ribbit and 2 neutral jellies (fellow slime).

Vanquished Creatures
  Pikel (D:4)
  2 yaks
  2 hippogriffs
  Eustachio (D:4)
  A hungry ghost (D:9)
  A wolf (Lair:4)
  Menkaure (D:4)
  2 water moccasins (Lair:2)
  3 slaves
  2 ogres
  A phantom (D:9)
  2 orc warriors
  4 porcupines
  2 centaurs
  An ice beast (D:10)
  Sigmund (D:6)
  A big kobold (D:7)
  A scorpion (D:8)
  A killer bee (D:9)
  5 giant frogs
  4 wights
  A crimson imp (D:5)
  A goliath beetle (D:6)
  A hound (D:4)
  A jelly (D:10)
  A centaur skeleton (D:6)
  3 iguanas
  7 worker ants
  Natasha (thrice) (D:3)
  4 sheep
  3 orc wizards
  A worker ant zombie (D:9)
  14 adders
  A shadow imp (D:8)
  2 giant mites
  3 worms
  2 giant geckos
  11 orcs
  15 bats
  2 bat skeletons (D:6)
  6 giant cockroaches
  13 goblins
  13 hobgoblins
  7 jackals
  34 kobolds
  4 quokkas
  3 ball pythons
  2 giant newts
  9 rats
  A plant (D:7)
207 creatures vanquished.

Vanquished Creatures (others)
  9 jellies
  2 hounds (D:4)
  A worker ant (D:4)
  A hound skeleton (D:4)
  2 adders (D:3)
  A giant mite (D:4)
  4 river rats
  A giant gecko (D:4)
  A giant cockroach (D:3)
  5 hobgoblins
  4 bats
  A giant newt (D:4)
  6 goblins
  6 rats
  A fungus (Lair:3)
  8 plants (D:10)
53 creatures vanquished.

Grand Total: 260 creatures vanquished

Notes
Turn   | Place    | Note
--------------------------------------------------------------
     0 | D:1      | McCoppin, the Felid Monk, began the quest for the Orb.
     0 | D:1      | Reached XP level 1. HP: 10/10 MP: 2/2
   460 | D:1      | Gained mutation: Your skin changes colour to match your surroundings (Stealth). [potion of mutation]
   460 | D:1      | Gained mutation: You are robust (+10% HP). [potion of mutation]
   460 | D:1      | Gained mutation: You are weak. (Str -2) [potion of mutation]
   505 | D:1      | Reached XP level 2. HP: 15/15 MP: 3/3
  1165 | D:2      | Reached skill level 5 in Unarmed Combat
  1171 | D:2      | Reached XP level 3. HP: 18/18 MP: 5/5
  1674 | D:2      | Reached XP level 4. HP: 23/23 MP: 7/7
  2554 | D:3      | Noticed Natasha
  2686 | D:3      | Killed Natasha
  2744 | D:3      | Noticed Natasha
  2755 | D:3      | Killed Natasha
  2780 | D:3      | Reached XP level 5. HP: 13/26 MP: 8/8
  3001 | D:3      | Noticed Natasha
  3008 | D:3      | Killed Natasha
  3011 | D:3      | Learned a level 1 spell: Beastly Appendage
  3579 | D:4      | Reached skill level 1 in Spellcasting
  3579 | D:4      | Reached skill level 1 in Transmutations
  4039 | D:4      | Gained mutation: You are covered in thick fur (AC +2). [growing up]
  4039 | D:4      | Reached XP level 6. HP: 12/30 MP: 11/14
  4451 | D:4      | Noticed Pikel
  4451 | D:4      | Noticed a slave
  4451 | D:4      | Noticed a slave
  4451 | D:4      | Noticed a slave
  4509 | D:4      | Noticed Menkaure
  4570 | D:4      | Noticed an ogre
  4679 | D:4      | Noticed Eustachio
  5040 | D:4      | Noticed Prince Ribbit
  5052 | D:5      | Entered Level 5 of the Dungeon
  5627 | D:5      | Reached skill level 5 in Stealth
  5825 | D:6      | Noticed Sigmund
  5871 | D:6      | Killed Sigmund
  5871 | D:6      | Reached skill level 6 in Stealth
  5926 | D:6      | Reached XP level 7. HP: 34/34 MP: 17/17
  5975 | D:7      | Reached skill level 7 in Stealth
  6159 | D:7      | Found a staircase to the Ecumenical Temple.
  6170 | Temple   | Entered the Ecumenical Temple
  6738 | D:7      | Reached skill level 8 in Stealth
  7142 | D:6      | Reached skill level 9 in Stealth
  7599 | D:6      | Reached skill level 10 in Stealth
  7599 | D:6      | Reached XP level 8. HP: 15/38 MP: 18/18
  8298 | D:8      | Reached skill level 11 in Stealth
  8853 | D:9      | Reached skill level 12 in Stealth
  9042 | D:9      | Found Umuv's General Store.
  9284 | D:9      | Reached skill level 13 in Stealth
  9511 | D:9      | HP: 2/57 [phantom (6)]
  9841 | D:10     | Entered Level 10 of the Dungeon
 10054 | D:10     | Noticed a hill giant
 10087 | D:10     | Reached XP level 9. HP: 25/41 MP: 20/20
 10208 | D:10     | Reached skill level 14 in Stealth
 10316 | D:10     | Found a staircase to the Lair.
 10317 | D:10     | Noticed a komodo dragon
 11072 | D:9      | Reached skill level 15 in Stealth
 11079 | D:9      | Noticed a hill giant
 11215 | D:10     | Mangled by a hill giant
 11216 | D:10     | Reached XP level 8. HP: -7/38 MP: 18/18
 11276 | Lair:1   | Entered Level 1 of the Lair of Beasts
 11900 | Lair:4   | Noticed a torpor snail
 12511 | Lair:4   | Noticed an elephant
 12511 | Lair:4   | Noticed an elephant
 12512 | Lair:4   | Noticed an elephant
 12512 | Lair:4   | Noticed an elephant
 12853 | Lair:6   | Noticed a fire drake
 13009 | Lair:6   | Noticed a seven-headed hydra
 13021 | Lair:6   | Noticed a four-headed hydra
 13087 | Lair:6   | Found a staircase to the Slime Pits.
 13087 | Lair:6   | Found a viscous altar of Jiyva.
 13095 | Lair:6   | Became a worshipper of Jiyva JaemShru the Shapeless
 13095 | Lair:6   | Acquired Jiyva's first power
 13095 | Lair:6   | Acquired Jiyva's second power
 13297 | Lair:4   | Noticed Fannar
 13298 | Lair:4   | Noticed a raven
 13322 | Lair:5   | Reached XP level 9. HP: 42/42 MP: 20/20
 13336 | Lair:5   | Noticed a black mamba
 13349 | Lair:5   | Noticed a boulder beetle
 13643 | Lair:2   | Noticed a black mamba
 13669 | Lair:3   | Gained mutation: You can breathe flames. [Jiyva's grace]
 13678 | Lair:2   | Noticed a black mamba
 13699 | Lair:2   | HP: 2/44 [poisoned by a black mamba]
 13699 | Lair:2   | Demolished by a black mamba
 13700 | Lair:2   | Reached XP level 8. HP: -15/39 MP: 18/18
 13735 | Lair:2   | Reached skill level 5 in Fighting
 14069 | D:4      | Killed Eustachio
 16341 | D:2      | Acquired Jiyva's third power
 16728 | D:3      | Killed an ogre
 17082 | D:3      | Gained mutation: You passively map a small area around you. [Jiyva's grace]
 18294 | D:4      | Killed Menkaure
 18365 | D:4      | Noticed a slave
 18377 | D:4      | Killed a slave
 18392 | D:3      | Killed a slave
 18666 | D:4      | Killed a slave
 18724 | D:4      | Killed Pikel
 18724 | D:4      | Reached XP level 9. HP: 24/45 MP: 20/20
 18777 | D:4      | Lost mutation: You are robust (+10% HP). [Jiyva's grace]
 18954 | D:4      | Found a shimmering altar of Xom.
 18963 | D:4      | Found a deep blue altar of Sif Muna.
 18963 | D:4      | Noticed a centaur
 18971 | D:4      | Found a burning altar of Makhleb.
 18976 | D:4      | Killed a centaur
 18977 | D:4      | Found an ancient bone altar of Kikubaaqudgha.
 18979 | D:4      | Found an opulent altar of Gozag.
 19146 | D:4      | Slain by Prince Ribbit

Action                   |  1- 3 |  4- 6 |  7- 9 || total
-------------------------+-------+-------+-------++-------
Melee: Unarmed           |    83 |   190 |   530 ||   803
 Cast: Beastly Appendage |       |    11 |    19 ||    30
Invok: Request Jelly     |       |       |     1 ||     1
 Abil: Breathe Fire      |       |       |     1 ||     1
Evoke: Wand              |       |       |     6 ||     6
  Use: Potion            |     1 |     2 |    14 ||    17
       Scroll            |       |    10 |    12 ||    22
 Stab: Sleeping          |    11 |    13 |    27 ||    51
       Distracted        |       |     3 |     3 ||     6
  Eat: Chunk             |     8 |     9 |    11 ||    28
